 Dungeon Crawl Stone Soup version 0.30.0-29-ga12c61a403 (webtiles) character file.

Game seed: 1747613155214366142

77 seaoflcl the Trooper (level 4, -2/40 HPs)
             Began as a Minotaur Fighter on June 10, 2023.
             Killed from afar by an orc wizard (4 damage)
             ... with a puff of flame
             ... on level 2 of the Dungeon.
             The game lasted 00:01:06 (1473 turns).

seaoflcl the Trooper (Minotaur Fighter)             Turns: 1473, Time: 00:01:07

Health: -2/40      AC:  7    Str: 23    XL:     4   Next: 14%
Magic:  3/3        EV:  9    Int:  5    God:
Gold:   25         SH:  0    Dex:  9    Spells: 3/3 levels left

rFire   . . .        a - +0 war axe
rCold   . . .        c - +0 buckler
rNeg    . . .        b - +0 scale mail
rPois   .            (helmet restricted)
rElec   .            (no cloak)
rCorr   .            (no gloves)
SInv    .            (no boots)
Will    .....        (no amulet) Stlth
                     (no ring)
HPRegen 0.26/turn    (no ring)
MPRegen 0.08/turn

%: no passive effects
@: confused
A: horns 2, retaliatory headbutt
a: no special abilities


You were on level 2 of the Dungeon.
You visited 1 branch of the dungeon, and saw 2 of its levels.

You collected 25 gold pieces.

Inventory:

Hand Weapons
 a - a +0 war axe (weapon)
Missiles
 h - 5 atropa-tipped darts (quivered)
Armour
 b - a +0 scale mail (worn)
 c - a +0 buckler (worn)
Scrolls
 e - 2 scrolls of identify {unknown}
 f - a scroll of magic mapping {unknown}
 g - a scroll of amnesia {unknown}
 j - a scroll of immolation {unknown}
 k - a scroll of acquirement {unknown}
 m - 2 scrolls of fog {unknown}
 n - a scroll of blinking {unknown}
Potions
 d - a potion of might
 i - a potion of curing {unknown}
 l - a potion of brilliance {unknown}


   Skills:
 + Level 4.2 Fighting
 * Level 3.9 Axes
 + Level 4.2 Armour
 + Level 4.2 Shields


You had 3 spell levels left.
You didn't know any spells.
Your spell library contained the following spells:

 Spells                   Type           Power      Damage    Failure   Level
 Ignite Poison            Fire/Tmut/Pois 0%         N/A       99%         3
 Sticky Flame             Conj/Fire      0%         2d3       100%        4
 Ignition                 Fire           0%         3d3       100%        8


Dungeon Overview and Level Annotations

Branches:
Dungeon (2/15)

Altars:

Shops:
D:1 [   D:2 :


Innate Abilities, Weirdness & Mutations

You have a pair of horns on your head.
You reflexively headbutt those who attack you in melee.


Message History

The orc priest attacks as you move away!
The orc priest hits you with a +0 dagger.
The orc wizard hits you but does no damage.
The orc priest looks braver for a moment.
You bump into the rock wall.
The orc priest hits you but does no damage.
The orc wizard barely misses you.
You hear some strange, mumbled words.
A puff of flame appears from out of thin air!
The puff of flame misses you.
You slash the orc wizard! Your headbutt misses the orc wizard.
The orc wizard is severely wounded.
You closely miss something.
You hit the orc priest but do no damage.
The orc priest hits you with a +0 dagger.
The orc wizard hits you but does no damage.
Something hits you.
The orc priest mumbles some strange prayers to Beogh against you.
Beogh smites you!
* * * LOW HITPOINT WARNING * * *
You closely miss the orc wizard.
The orc wizard is severely wounded.
You barely miss something. You barely miss the orc priest.
The orc priest barely misses you.
The orc wizard gestures at you while chanting.
You are more confused.
You hear some strange, mumbled words.
You are more confused.
The orc priest hits you with a +0 dagger.
* * * LOW HITPOINT WARNING * * *
Something hits you but does no damage. The orc wizard barely misses you.
Unknown command.
You miss the orc priest.
The orc priest is heavily wounded.
You miss something. You closely miss the orc wizard.
The orc priest hits you with a +0 dagger.
* * * LOW HITPOINT WARNING * * *
The orc wizard casts a spell at you. The puff of flame hits you.
You die...

################
##.............#
##.....#######.# ##.....#
#.# ###....#######.###
.##....##......#..
.###'####.####.#.########
..##.# #.# #.#........#
#.##.# #.# #.#@o8...8..
#.##.# #.# #..{o.......
#.##.####.# ##.o.)......
#.#.......# #..........
#........## ##..8...8..
###..###.# #........#
#..# #.# #.######## #..#
#.# #.. ###..# #.# ###


You could see 2 orc priests and an orc wizard.

Vanquished Creatures
  Robin (D:2)
  2 adders (D:2)
  A worm (D:2)
  A dart slug (D:1)
  2 orcs (D:2)
  2 endoplasms (D:1)
  3 giant cockroaches
  6 goblins
  5 hobgoblins
  5 jackals (D:1)
  A quokka (D:1)
  2 ball pythons (D:1)
  A bat (D:1)
  A frilled lizard (D:1)
  A kobold (D:2)
  5 rats
39 creatures vanquished.

Notes
Turn   | Place    | Note
-------+----------+-------------------------------------------
     0 | D:1      | seaoflcl the Minotaur Fighter began the quest for the Orb.
     0 | D:1      | Reached XP level 1. HP: 19/19 MP: 0/0
   136 | D:1      | Reached XP level 2. HP: 20/27 MP: 1/1
   541 | D:1      | Found Bedgholig's Antique Armour Emporium.
   831 | D:2      | Found a faded altar of an unknown god.
   984 | D:2      | Reached XP level 3. HP: 28/33 MP: 2/2
  1085 | D:2      | Noticed Robin
  1100 | D:2      | Killed Robin
  1256 | D:2      | Reached XP level 4. HP: 37/40 MP: 3/3
  1348 | D:2      | Found Nedghorch's Book Shoppe.
  1473 | D:2      | HP: 2/40 [orc priest/+0 dagger (2)]
  1473 | D:2      | Killed from afar by an orc wizard

Illustrated notes

Levels and vault maps discovered:
D:1:      spicycebolla_green_bress_n_ham_2, layout_basic, serial_shops, shop
D:2:      cheibrodos_pilgrimage, layout_basic, chequers_ecumenical_altar_island,
          serial_shops, shop, uniq_robin, uniq_sigmund

Skill      XL: |  1  2  3 |
---------------+----------+-----
Axes           | 3 |  3.9
Fighting       | 4 |  4.2
Armour         | 4 |  4.2
Shields        | 4 |  4.2

Action                     |  1- 3 |  4- 6 || total
---------------------------+-------+-------++-------
  Melee: War axe           |    71 |    11 ||    82
         Headbutt          |    10 |       ||    10
 Armour: Scale mail        |    33 |     8 ||    41
  Dodge: Dodged            |    31 |     8 ||    39
  Block: Buckler           |    18 |     1 ||    19
